 Dungeon Crawl Stone Soup version 0.30.0-11-gf55b779eaf (webtiles) character file.

Game seed: 10941062997609231134

2109 Esekla the Sneak (level 9, -10/58 HPs)
             Began as an Octopode Necromancer on May 17, 2023.
             Was an Initiate of Gozag.
             Mangled by a troll (12 damage)
             ... on level 7 of the Dungeon.
             The game lasted 00:25:24 (5427 turns).

Esekla the Sneak (Octopode Necromancer)             Turns: 5427, Time: 00:25:24

Health: -10/58     AC:  1    Str:  7    XL:     9   Next: 28%
Magic:  23/26      EV: 14    Int: 27    God:    Gozag
Gold:   646        SH:  0    Dex: 13    Spells: 15/19 levels left

rFire   . . .        v - +2 dagger (venom)
rCold   . . .        (no shield)
rNeg    . . .        (helmet restricted)
rPois   +            (no amulet)
rElec   .            k - ring of poison resistance
rCorr   .            o - +6 ring of intelligence
SInv    .            h - ring of magical power
Will    .....        (no ring)
Stlth   +++++        (no ring)
HPRegen 0.29/turn    (no ring)
MPRegen 0.20/turn    (no ring)
                     (no ring)

%: no passive effects
@: about to teleport
A: almost no armour, amphibious, 8 rings, camouflage 1, gelatinous body 1,
(nimble swimmer 1), tentacles
a: Renounce Religion, Potion Petition, Call Merchant, Bribe Branch


You were on level 7 of the Dungeon.
You worshipped Gozag.
Gozag was pleased with you.
You visited 2 branches of the dungeon, and saw 8 of its levels.

You collected 744 gold pieces.
You paid 98 gold pieces to Gozag.

Inventory:

Hand Weapons
 a - a +0 long sword
 r - a +0 trident
 v - a +2 dagger of venom (weapon)
 w - a +2 dagger of holy wrath
Missiles
 t - 12 poisoned darts
 u - a boomerang (quivered)
 A - 2 curare-tipped darts
Jewellery
 h - a ring of magical power (on tentacle)
 k - a ring of poison resistance (left tentacle)
 o - a +6 ring of intelligence (right tentacle)
Scrolls
 b - 2 scrolls of vulnerability {unknown}
 c - a scroll of blinking {unknown}
 d - a scroll of silence {unknown}
 i - 2 scrolls of fog
 j - 3 scrolls of teleportation
 m - 2 scrolls of brand weapon
 s - 3 scrolls of poison {unknown}
 x - a scroll of enchant armour {unknown}
 y - a scroll of enchant weapon {unknown}
 B - a scroll of identify
Potions
 e - 3 potions of attraction
 f - a potion of might
 g - 3 potions of heal wounds
 l - a potion of berserk rage
 n - 3 potions of lignification {unknown}
 p - a potion of ambrosia
 q - a potion of cancellation
 z - a potion of magic


   Skills:
 * Level 4.0 Fighting
 + Level 3.6 Short Blades
 * Level 4.6 Dodging
 + Level 7.8 Stealth
 * Level 5.6 Spellcasting
 * Level 6.9 Necromancy


You had 15 spell levels left.
You knew the following spells:

 Your Spells              Type           Power      Damage    Failure   Level
a - Necrotise             Necr           100%       1d9       1%          1
d - Vampiric Draining     Necr           44%        2d9       1%          3

Your spell library contained the following spells:

 Spells                   Type           Power      Damage    Failure   Level
 Agony                    Necr           44%        N/A       11%         5
 Portal Projectile        Hex/Tloc       14%        N/A       21%         3
 Tukima's Dance           Hex            7%         N/A       21%         3
 Blade Hands              Tmut           3%         N/A       88%         5
 Animate Dead             Necr           Unusable   N/A       N/A         4

Dungeon Overview and Level Annotations

Branches:
Dungeon (7/15)             Temple (1/1) D:5

Altars:
Cheibriados
Dithmenos
Elyvilon
Fedhas
Gozag
Hepliaklqana
Makhleb
Nemelex Xobeh
Qazlal
Ru
Sif Muna
Trog
Uskayaw
Vehumet
Wu Jian
Xom
Zin
The Shining One

Shops:
D:5 :*


Innate Abilities, Weirdness & Mutations

You cannot wear most types of armour.
You are amphibious.
You can wear up to eight rings at the same time.
Your skin changes colour to match your surroundings (Stealth+).
Your rubbery body absorbs attacks. (AC +1, EV +1)
((You are camouflaged when in or above water. (Stealth+)))
You have tentacles for arms and can constrict up to eight enemies at once.


Message History

Found 11 gold pieces.
You now have 646 gold pieces (gained 11).
Found 8 gold pieces.
Something hits you.
Deactivating autopickup; reactivate with Ctrl-A.
You barely miss something. Something hits you. Something hits you!
A sky beast, a troll and a bullfrog come into view.
Found a stone staircase leading up.
You see here 8 gold pieces.
You barely miss the sky beast. Your squeeze misses the sky beast.
The troll shouts!
You hear a shout!
Something completely misses you. The sky beast hits you.
The sky beast shocks you.
You closely miss the sky beast.
The bullfrog croaks.
Your tentacle-slap misses the sky beast.
Something barely misses you. Something hits you. The sky beast hits you.
The sky beast shocks you. The sky beast attacks as you move away!
The sky beast hits you. The sky beast shocks you.
* * * LOW HITPOINT WARNING * * *
Something barely misses you.
Casting: Vampiric Draining (safe; 1% risk of failure)
Confirm with . or Enter, or press ? or * to list all spells.
Aiming: Vampiric Draining (safe; 1% risk of failure)
Press: ? - help, Shift-Dir - straight line You draw life force from something!
You feel life coursing into your body. Something hits you.
* * * LOW HITPOINT WARNING * * *
Press: ? - help, . - travel You can't see that place. [a rock wall.] Unknown command.
As you read the scroll of teleportation, it crumbles to dust.
You feel strangely unstable. The troll barely misses you. The troll claws you!
* * * LOW HITPOINT WARNING * * *
The troll claws you!
You die...
Your body crumbles into a pile of gold.

...).....##.##......#
....).)..##.##.##.#.#
###............##.#.######
#..<#####..............#
#...# #######.#.##.#...#
##.## ##...##... # #..#
#........#.. #.##
#.#..#.#.# #. #.#
#@##....# ###.###
#T####### #.....#
#......YF...F.. #.#.#.#
#..<.{#{####### #.#.#.#
#.......# #...#.# #.###
..# ####### # .#.. $ $
.#.# #.... $


You could see a troll, a sky beast and a bullfrog.

Vanquished Creatures
  Grinder (D:5)
  Sigmund (D:2)
  A steam dragon (D:6)
  Edmund (D:5)
  3 ice beasts
  2 black bears (D:5)
  2 ogres (D:4)
  Blork the orc (D:5)
  3 kobold brigands
  A bullfrog (D:7)
  A scorpion (D:6)
  2 orc priests (D:3)
  2 jellies (D:6)
  2 iguanas
  3 orc wizards
  9 adders
  A white imp (D:6)
  3 ufetubi
  2 worms
  5 dart slugs
  16 orcs
  9 ball pythons
  7 bats
  8 endoplasms
  4 giant cockroaches
  11 goblins
  4 hobgoblins
  2 jackals (D:4)
  21 kobolds
  5 quokkas
  7 frilled lizards
  6 rats
146 creatures vanquished.

Notes
Turn   | Place    | Note
-------+----------+-------------------------------------------
     0 | D:1      | Esekla the Octopode Necromancer began the quest for the
                  | Orb.
     0 | D:1      | Reached XP level 1. HP: 11/11 MP: 3/3
   246 | D:1      | Reached XP level 2. HP: 17/17 MP: 5/5
   449 | D:1      | Reached XP level 3. HP: 21/22 MP: 6/6
   454 | D:1      | Reached skill level 1 in Fighting
   455 | D:1      | Reached skill level 3 in Stealth
   462 | D:1      | Learned a level 3 spell: Vampiric Draining
   950 | D:2      | Reached XP level 4. HP: 22/28 MP: 7/7
   979 | D:2      | Noticed Sigmund
   985 | D:2      | Killed Sigmund
   986 | D:2      | Reached skill level 1 in Short Blades
   986 | D:2      | Reached skill level 4 in Stealth
   986 | D:2      | Reached skill level 5 in Necromancy
   986 | D:2      | Reached XP level 5. HP: 29/34 MP: 7/9
   986 | D:2      | Reached XP level 6. HP: 34/39 MP: 7/10
  1646 | D:3      | HP: 1/39 [orc priest/divine providence (16)]
  2263 | D:4      | Reached skill level 5 in Stealth
  2263 | D:4      | Reached XP level 7. HP: 43/45 MP: 11/11
  2986 | D:4      | Found a glowing silver altar of Zin.
  2987 | D:4      | Found a white marble altar of Elyvilon.
  2989 | D:4      | Found a glowing golden altar of the Shining One.
  3090 | D:5      | Entered Level 5 of the Dungeon
  3097 | D:5      | Noticed Grinder
  3124 | D:5      | Found a staircase to the Ecumenical Temple.
  3132 | Temple   | Entered the Ecumenical Temple
  3141 | Temple   | Became a worshipper of Gozag Ym Sagoz the Greedy
  3229 | D:5      | Reached skill level 6 in Stealth
  3240 | D:5      | Found Ginis's Vocational Training.
  3244 | D:5      | Noticed Edmund
  3370 | D:5      | Reached XP level 8. HP: 52/52 MP: 13/13
  3558 | D:5      | Noticed Blork the orc
  3562 | D:5      | Killed Blork the orc
  3563 | D:5      | Reached skill level 7 in Stealth
  3849 | D:5      | Killed Edmund
  3907 | D:5      | Found Xoleazuch's Elemental Accessories.
  4657 | D:6      | Reached XP level 9. HP: 58/58 MP: 16/16
  4699 | D:6      | Reached skill level 5 in Spellcasting
  5095 | D:5      | Killed Grinder
  5422 | D:7      | Noticed a troll
  5427 | D:7      | HP: 2/58 [troll (14)]
  5427 | D:7      | Mangled by a troll

Illustrated notes

Levels and vault maps discovered:
D:1:      sevenhm_arrival_forest_fort_small_4, layout_basic
D:2:      layout_loops_ring, uniq_sigmund
D:3:      layout_loops_ring
D:4:      layout_loops_corners, good_gods_temple_1
D:5:      layout_loops_ring, minmay_temple_entry_arrows, grunt_ministairs_8,
          nicolae_elemental_shop, nicolae_hexahallways, nicolae_shop_vocational,
          uniq_grinder, uniq_edmund, uniq_blork_the_orc
D:6:      layout_basic
D:7:      nzn_winding_woodlands_stair_cross [nzn_winding_woodlands_5x15_twine,
          nzn_winding_woodlands_center_triple_pond,
          nzn_winding_woodlands_5x15_split_checker,
          nzn_winding_woodlands_5x5_three, nzn_winding_woodlands_5x5_cross,
          nzn_winding_woodlands_5x15_cabin,
          nzn_winding_woodlands_center_diamonds,
          nzn_winding_woodlands_5x15_pockets], layout_loops_cross,
          enter_bailey_6, serial_shops, shop, chequers_serial_rivers_micro_c,
          minmay_manual_monstrance, uniq_joseph
Temple:   nicolae_temple_no_exploring_needed

Skill      XL: |  1  2  3  4  5  6  7  8  9 |
---------------+----------------------------+-----
Fighting       | 1 2 3 4 |  4.0
Stealth        | 3 4 5 6 7 |  7.8
Short Blades   | 1 2 3 |  3.6
Necromancy     | 5 6 |  6.9
Dodging        | 3 4 |  4.6
Spellcasting   | 3 4 5 |  5.6

Action                     |  1- 3 |  4- 6 |  7- 9 || total
---------------------------+-------+-------+-------++-------
  Melee: Unarmed           |    14 |       |       ||    14
         Dagger            |    63 |    62 |   140 ||   265
         Tentacles         |    12 |    16 |    34 ||    62
         Constrict         |    14 |    14 |    33 ||    61
         Punch             |       |       |     1 ||     1
  Throw: Dart              |       |       |     1 ||     1
         Boomerang         |       |       |     3 ||     3
   Cast: Vampiric Draining |       |     3 |    17 ||    20
    Use: Scroll            |       |       |    11 ||    11
   Stab: Sleeping          |     8 |    14 |    25 ||    47
 Armour: Skin              |     9 |     1 |     4 ||    14
  Dodge: Dodged            |    34 |    30 |    73 ||   137
